 Dungeon Crawl Stone Soup version 0.19-a0-790-ge39e1af (webtiles) character file.

3619 Fubayashi the Digger (level 10, -3/56 HPs)
             Began as a Gargoyle Earth Elementalist on June 25, 2016.
             Was a Follower of Vehumet.
             Slain by a mana viper (10 damage)
             ... on level 1 of the Abyss on June 26, 2016.
             The game lasted 00:46:22 (12871 turns).

Fubayashi the Digger (Gargoyle Earth Elementalist) Turns: 12871, Time: 00:46:23

Health: -3/56      AC: 13    Str: 12    XL:     10   Next: 11%
Magic:  1/21       EV: 13    Int: 19    God:    Vehumet [*.....]
Gold:   423        SH:  0    Dex: 10    Spells: 3 memorised, 15 levels left

rFire  . . .     SeeInvis .     a - +0 mace
rCold  . . .     Gourm    +     I - +2 robe
rNeg   + . .     Faith    .     (no shield)
rPois  ∞         Spirit   .     B - +0 helmet
rElec  +         Dismiss  .     (no cloak)
rCorr  +         Reflect  .     v - +0 pair of gloves
SustAt .         Harm     .     (no boots)
MR     .....                    F - amulet of the gourmand
Stlth  ++........               D - ring of resist corrosion
                                (no ring)

@: not resistant to hostile enchantments, unstealthy
A: negative energy resistance 1, electricity resistance, unbreathing,
petrification resistance, rot immunity, AC +7
a: Renounce Religion


You were on level 1 of the Abyss.
You worshipped Vehumet.
Vehumet was aware of your devotion.
You were very full.

You visited 2 branches of the dungeon, and saw 9 of its levels.
You visited the Abyss 1 time.

You collected 423 gold pieces.

Inventory:

Hand Weapons
 a - a +0 mace (weapon)
Missiles
 b - 305 stones (quivered)
Armour
 v - a +0 pair of gloves (worn)
 B - a +0 helmet (worn)
 I - a +2 robe (worn)
Magical Staves
 C - an uncursed staff of conjuration {unknown}
Jewellery
 p - an uncursed amulet of rage {unknown}
 z - an uncursed ring of ice
 D - a ring of resist corrosion (right hand)
 F - an amulet of the gourmand (around neck)
Wands
 t - a wand of disintegration (18/24)
Scrolls
 c - a scroll of amnesia {unknown}
 f - 2 scrolls of enchant weapon
 g - 5 scrolls of identify {@r1}
 m - 4 scrolls of teleportation {@r4}
 n - a scroll of enchant armour {unknown}
 w - a scroll of remove curse {@r2}
 y - a scroll of fear {unknown}
 A - a scroll of blinking {unknown}
 E - a scroll of fog {unknown}
Potions
 i - 2 potions of flight
 j - 2 potions of haste {@q3}
 k - 2 potions of berserk rage {!q}
 r - a potion of agility
 s - 4 potions of might
 u - a potion of lignification {!q}
 G - a potion of magic {unknown}
 J - a potion of cure mutation {unknown}
Books
 e - a book of Geomancy

   Spells                             Type                      Level
   a - Sandblast                      Earth                        1
   b - Passwall                       Transmutation/Earth          2
   c - Stone Arrow                    Conjuration/Earth            3
   d - Petrify                        Transmutation/Earth          4
   e - Lee's Rapid Deconstruction     Earth                        5
Comestibles
 d - 6 bread rations {@e1}
 l - a beef jerky {@e2}
 q - 3 meat rations {@e1}
 x - 3 slices of pizza {@e2}
 H - a royal jelly {@e3}


   Skills:
 + Level 3.8 Fighting
 + Level 3.6 Maces & Flails
 + Level 4.3 Armour
 + Level 3.4 Dodging
 - Level 2.1 Stealth
   Level 4.0 Shields
 * Level 7.5 Spellcasting
 + Level 5.5 Conjurations
   Level 0.7 Transmutations
 + Level 7.9 Earth Magic


You had 15 spell levels left.
You knew the following spells:

 Your Spells              Type           Power        Failure   Level  Hunger
a - Sandblast             Erth           #####.       1%          1    None
b - Stone Arrow           Conj/Erth      ####..       1%          3    #......
c - Lee's Rapid Deconstr  Erth           #####.....   12%         5    #####..


Dungeon Overview and Level Annotations

Branches:
Dungeon (8/15)             Temple (1/1) D:4
   Lair: D:8-11

Altars:
Ashenzari
Cheibriados
Dithmenos
Elyvilon
Fedhas
Gozag
Hepliaklqana
Kikubaaqudgha
Makhleb
Nemelex Xobeh
Okawaru
Pakellas
Qazlal
Ru
Sif Muna
Trog
Uskayaw
Vehumet
Xom
Yredelemnul
Zin
The Shining One

Shops:
D:6 :   D:7 (


Innate Abilities, Weirdness & Mutations

You are resistant to torment.
Your stone body is resilient. (AC +7)
You are immune to poison.
You resist negative energy. (rN+)
You are resistant to electric shocks. (rElec)
You can survive without breathing.
You are immune to petrification.
You are immune to rotting.


Message History

The stone arrow hits the mana viper.
The mana viper is moderately wounded.
The mana viper barely misses you.
Casting: Stone Arrow
Confirm with . or Enter, or press ? or * to list all spells.
Aiming: Stone Arrow
Press: ? - help, Shift-Dir - straight line, f/p - mana viper
Aim: a mana viper (moderately wounded)
The stone arrow hits the mana viper.
The mana viper is heavily wounded.
The mana viper bites you!
* * * LOW HITPOINT WARNING * * *
You feel your power leaking away.
Casting: Stone Arrow
Confirm with . or Enter, or press ? or * to list all spells.
Aiming: Stone Arrow
Press: ? - help, Shift-Dir - straight line, f/p - mana viper
Aim: a mana viper (heavily wounded)
The stone arrow misses the mana viper.
The mana viper bites you!
You die...
X

##▒.▒▒
#....# ▒▒
#..#. ..
...#. ▓
▒..▒ .#
▒▒.░ .# ▒
#.▒▓.▒...░
▒#@....░
▒.S.#.▒▒
#..▒...
..▒. ░▒..▒
▒#.## ..▒
▓ ... .░▒
.▒


You could see a mana viper.

Vanquished Creatures
  Psyche (D:8)
  Eustachio (D:4)
  Sigmund (D:3)
  A hippogriff (D:7)
  2 sky beasts (D:5)
  A phantom (D:6)
  An orc warrior (D:8)
  An ice beast (D:6)
  3 ogres
  5 centaurs
  A big kobold (D:7)
  4 giant frogs
  2 small abominations (Abyss:1)
  2 scorpions
  A killer bee (D:7)
  4 jellies
  A howler monkey (D:6)
  3 crimson imps
  A quasit (Abyss:1)
  2 centaur zombies
  2 orc priests
  4 orc wizards
  5 hounds
  A centaur skeleton (D:5)
  3 iguanas
  2 worker ants (D:4)
  A hound zombie (D:8)
  A worker ant zombie (D:7)
  Robin (D:3)
  9 adders
  4 gnolls (D:5)
  A shadow imp (D:7)
  An adder zombie (D:8)
  2 oozes
  3 worms
  6 dart slugs
  5 giant geckos
  24 orcs
  3 giant cockroaches
  8 hobgoblins
  7 quokkas
  A ball python (D:1)
  7 bats
  A giant gecko skeleton (D:6)
  6 giant newts
  21 goblins
  11 kobolds
  A quokka skeleton (D:4)
  6 rats
185 creatures vanquished.

Vanquished Creatures (others)
  A small abomination (Abyss:1)
1 creature vanquished.

Grand Total: 186 creatures vanquished

Notes
Turn   | Place    | Note
--------------------------------------------------------------
     0 | D:1      | Fubayashi the Gargoyle Earth Elementalist began the quest for the Orb.
     0 | D:1      | Reached XP level 1. HP: 10/10 MP: 3/3
   296 | D:1      | Reached XP level 2. HP: 14/15 MP: 1/5
  1178 | D:2      | Reached XP level 3. HP: 19/19 MP: 7/7
  1183 | D:2      | Learned a level 3 spell: Stone Arrow
  1305 | D:2      | Found a deep blue altar of Sif Muna.
  2480 | D:2      | Reached XP level 4. HP: 24/24 MP: 8/8
  2852 | D:3      | Reached skill level 1 in Conjurations
  2987 | D:3      | Found a basalt altar of Yredelemnul.
  3717 | D:3      | Noticed Robin
  3732 | D:3      | Reached XP level 5. HP: 28/28 MP: 4/10
  3821 | D:3      | Noticed Sigmund
  4203 | D:3      | Reached skill level 5 in Earth Magic
  4206 | D:3      | Killed Robin
  4525 | D:2      | Learned a level 5 spell: Lee's Rapid Deconstruction
  4733 | D:4      | Noticed an ogre
  4752 | D:4      | Killed an ogre
  4752 | D:4      | Reached XP level 6. HP: 32/32 MP: 1/12
  5190 | D:4      | Found a staircase to the Ecumenical Temple.
  5320 | Temple   | Entered the Ecumenical Temple
  5588 | D:4      | Noticed Eustachio
  6064 | D:3      | Found a stormy altar of Qazlal.
  6117 | D:3      | Upgraded the game from 0.19-a0-753-gae73b43 to 0.19-a0-790-ge39e1af
  6165 | D:5      | Entered Level 5 of the Dungeon
  6165 | D:5      | Noticed a sky beast
  6172 | D:5      | Killed a sky beast
  6172 | D:5      | Reached skill level 5 in Spellcasting
  6172 | D:5      | Reached XP level 7. HP: 36/36 MP: 1/14
  6497 | D:5      | Found an oddly glowing altar of Pakellas.
  7103 | D:5      | Found a sparkling altar of Nemelex Xobeh.
  7110 | D:5      | Found a snail-covered altar of Cheibriados.
  7110 | D:5      | Found a white marble altar of Elyvilon.
  7111 | D:5      | Found a radiant altar of Vehumet.
  7111 | D:5      | Found a shattered altar of Ashenzari.
  7112 | D:5      | Found a bloodstained altar of Trog.
  7114 | D:5      | Became a worshipper of Vehumet
  7116 | D:5      | Found a shimmering altar of Xom.
  7117 | D:5      | Found a basalt altar of Yredelemnul.
  7118 | D:5      | Found an ancient bone altar of Kikubaaqudgha.
  7370 | D:6      | Reached skill level 1 in Armour
  7409 | D:6      | Reached skill level 1 in Shields
  7409 | D:6      | Reached XP level 8. HP: 26/42 MP: 2/16
  7541 | D:6      | Reached skill level 1 in Maces & Flails
  7767 | D:6      | Reached skill level 1 in Fighting
  8068 | D:6      | Found Lytz's Book Boutique.
  9159 | D:7      | Found an iron altar of Okawaru.
  9530 | D:7      | Reached XP level 9. HP: 24/48 MP: 2/18
 10292 | D:7      | Reached * piety under Vehumet
 10292 | D:7      | Offered knowledge of Magic Dart by Vehumet.
 10345 | D:7      | Found a hide-covered altar of Uskayaw.
 10463 | D:7      | Found Tajeutum's Antique Weapon Emporium.
 10681 | D:8      | Noticed Psyche
 10995 | D:4      | Killed Eustachio
 11246 | D:3      | Killed Sigmund
 11246 | D:3      | Reached skill level 5 in Conjurations
 11945 | D:8      | Killed Psyche
 12035 | D:8      | Reached XP level 10. HP: 56/56 MP: 11/20
 12248 | D:8      | You are cast into the Abyss!
 12248 | D:8      | Cast into level 1 of the Abyss (orc wizard)
 12248 | Abyss:1  | Found a corrupted altar of Lugonu.
 12495 | Abyss:1  | Noticed a spatial maelstrom
 12510 | Abyss:1  | Noticed a thrashing horror
 12529 | Abyss:1  | Noticed a wretched star
 12769 | Abyss:1  | Noticed a starcursed mass
 12864 | Abyss:1  | Noticed a mana viper
 12867 | Abyss:1  | Noticed a tentacled starspawn
 12871 | Abyss:1  | Slain by a mana viper

Vault maps used:
D:1:      dpeg_arrival_rhombi
D:2:      lemuel_crystal_altar, serial_bayou_pond_c, minmay_cupped
D:3:      lemuel_crystal_altar, first_bread, yredelemnul_altar_generic,
          uniq_sigmund, uniq_robin
D:4:      uniq_eustachio
D:5:      minitemple
D:6:      serial_shops, shop_statue
D:7:      old_standard_altar, serial_shops,
          nicolae_shop_temple_entry_statues_fountains, basic_altar
D:8:      uniq_psyche
Temple:   dpeg_three_leaves_temple

Skill      XL: |  1  2  3  4  5  6  7  8  9 |
---------------+----------------------------+-----
Earth Magic    | 4 5 6 7 |  7.9
Spellcasting   | 3 4 5 6 7 |  7.5
Conjurations   | 1 2 3 4 5 |  5.5
Armour         | 1 2 4 |  4.3
Shields        | 1 3 4 |  4.0
Maces & Flails | 2 3 |  3.6
Fighting       | 2 3 |  3.8
Dodging        | 2 3 |  3.4
Stealth        | |  2.1
Transmutations | |  0.7

Action                   |  1- 3 |  4- 6 |  7- 9 | 10-12 || total
-------------------------+-------+-------+-------+-------++-------
Melee: Unarmed           |    47 |       |       |       ||    47
       Mace              |    76 |   133 |   118 |     7 ||   334
 Cast: Sandblast         |    21 |   102 |    59 |       ||   182
       Stone Arrow       |       |    16 |   112 |    31 ||   159
  Use: Scroll            |       |       |     9 |     2 ||    11
       Potion            |       |       |       |     1 ||     1
 Stab: Sleeping          |     8 |     1 |     1 |       ||    10
       Distracted        |     1 |     1 |       |       ||     2
  Eat: Chunk             |     3 |    13 |    34 |       ||    50
       Beef jerky        |       |     1 |       |       ||     1
Armor: Robe              |    49 |   114 |    93 |    16 ||   272
Dodge: Dodged            |    84 |   206 |   162 |    27 ||   479
